 Dungeon Crawl Stone Soup version 0.28.0-53-g5a82cb258f (webtiles) character file.

Game seed: 6430120660372579769

37 buhh the Bolt Thrower (level 3, -1/29 HPs)
             Began as a Formicid Hunter on June 21, 2022.
             Slain by a gnoll
             ... wielding a +0 halberd
              (8 damage)
             ... on level 2 of the Dungeon.
             The game lasted 00:02:13 (1573 turns).

buhh the Bolt Thrower (Formicid Hunter)             Turns: 1573, Time: 00:02:14

Health: -1/29      AC:  4    Str: 16    XL:     3   Next: 62%
Magic:  3/3        EV: 12    Int: 12    God:
Gold:   70         SH:  0    Dex: 17    Spells: 2/2 levels left

rFire   . . .      SeeInvis +   a - +1 hand crossbow
rCold   . . .      Faith    .   (no shield)
rNeg    . . .      Spirit   .   c - +0 leather armour
rPois   .          Reflect  .   (helmet unavailable)
rElec   .          Harm     .   f - +0 cloak
rCorr   .          Rampage  .   (no gloves)
Will    .....                   (no boots)
Stlth   ++........              (no amulet)
HPRegen 0.09/turn               g - +6 ring of dexterity
MPRegen 0.08/turn               (no ring)

@: no status effects
A: permanent stasis, dig shafts and tunnels, antennae 3, four strong arms
a: Dig, Shaft Self


You were on level 2 of the Dungeon.
You visited 1 branch of the dungeon, and saw 2 of its levels.

You collected 70 gold pieces.

Inventory:

Hand Weapons
 a - a +1 hand crossbow (weapon)
 b - a +0 short sword
Missiles
 d - 8 bolts (quivered ammo)
 e - 3 poisoned darts
Armour
 c - a +0 leather armour (worn)
 f - a +0 cloak (worn)
Jewellery
 g - a +6 ring of dexterity (left hand)
Scrolls
 i - a scroll of magic mapping {unknown}
 F - a scroll of enchant weapon
Potions
 l - a potion of lignification {!d}


   Skills:
 + Level 3.0 Fighting
 + Level 4.4 Crossbows
 - Level 2.0 Dodging
 - Level 2.0 Stealth


You had 2 spell levels left.
You didn't know any spells.
Your spell library was empty.

Dungeon Overview and Level Annotations

Branches:
Dungeon (2/15)

Altars:


Innate Abilities, Weirdness & Mutations

You cannot be hasted, slowed, berserked, paralysed or teleported.
You can dig through walls and to a lower floor.
You have a pair of large antennae on your head. (SInv)
Your four strong arms can wield two-handed weapons with a shield.


Message History

A jackal comes into view.
A gnoll comes into view. It is wielding a +0 halberd.
You shoot a bolt. The bolt closely misses the jackal.
The jackal barks!
You shoot a bolt. The bolt hits the jackal!
You kill the jackal!
A jackal comes into view.
The jackal moves out of view.
You shoot a bolt. The bolt completely misses the gnoll.
A bat comes into view.
A gnoll comes into view. It is wielding a +0 flail.
You shoot a bolt. The gnoll shouts!
The bolt hits the gnoll!
You kill the gnoll!
Your Fighting skill increases to level 3!
You shoot a bolt. The bolt hits the bat!
You kill the bat!
The gnoll closely misses you.
You shoot a bolt. The bolt hits the gnoll!
The gnoll is severely wounded.
The gnoll hits you from afar with a +0 halberd!
You shoot a bolt. The bolt barely misses the gnoll.
The gnoll misses you.
You shoot a bolt.
The bolt hits the gnoll but does no damage.
The gnoll is severely wounded.
The gnoll barely misses you.
The gnoll throws a throwing net.
The throwing net hits you.
You become entangled in the net!
You cannot shoot with your hand crossbow while held in a net.
You cannot shoot with your hand crossbow while held in a net.
You struggle against the net.
The gnoll closely misses you.
You struggle against the net.
The gnoll hits you from afar with a +0 halberd!
The gnoll hits you with a +0 flail.
* * * LOW HITPOINT WARNING * * *
You shred the net and break free! The gnoll barely misses you.
It was a potion of haste.
Your stasis prevents you from being hasted.
The gnoll hits you from afar with a +0 halberd!
You die...

#........###### #......
#.............###.#####
#...........#.....###..
.##.........#.#.......#..
.....#<#.#...##......#..
#.#####.#.####......#..
#.......#.####......#..
..##.....................
....>...@...........<....
.##.###g###.####......##.
#.....g.....# #......##.
...#.(..##### #......##.
#)...# #......##. ....###
#......##. ((###
#...#####. ##. #. .
#######+


You could see 2 gnolls.

Vanquished Creatures
  A gnoll (D:2)
  A worm (D:2)
  A dart slug (D:1)
  2 giant cockroaches
  2 goblins (D:2)
  A hobgoblin (D:1)
  4 jackals (D:2)
  3 ball pythons
  5 bats
  3 rats
23 creatures vanquished.

Notes
Turn   | Place    | Note
-------+----------+-------------------------------------------
     0 | D:1      | buhh the Formicid Hunter began the quest for the Orb.
     0 | D:1      | Reached XP level 1. HP: 16/16 MP: 1/1
   405 | D:1      | Found a faded altar of an unknown god.
   456 | D:1      | Reached XP level 2. HP: 23/23 MP: 2/2
  1332 | D:2      | Reached XP level 3. HP: 28/28 MP: 3/3
  1573 | D:2      | Slain by a gnoll

Illustrated notes

Levels and vault maps discovered:
D:1:      giann_bridges, layout_loops_ring,
          ebering_ecumenical_altar_sacrificial, corner_web_ring, glass_columns_a
D:2:      layout_basic

Skill      XL: |  1  2  3 |
---------------+----------+-----
Dodging        | 2 |  2.0
Stealth        | 2 |  2.0
Fighting       | 3 |  3.0
Crossbows      | |  4.4

Action                   || total
-------------------------++-------
Melee: Short sword       ||    42
 Fire: Hand crossbow     ||    27
Throw: Dart              ||     3
 Abil: Dig               ||     1
  Use: Scroll            ||     2
       Potion            ||     1
 Stab: Sleeping          ||     1
Armor: Leather armour    ||    12
Dodge: Dodged            ||    35
